 Dungeon Crawl Stone Soup version 0.25.1-8-g42b30a86e7 (webtiles) character file.

Game seed: 11807371039802315872

132 Hopman the Shield-Bearer (level 4, -2/42 HPs)
             Began as a Deep Dwarf Fighter on Dec 24, 2020.
             Slain by an ogre
             ... wielding a +0 giant club
              (17 damage)
             ... on level 4 of the Dungeon.
             The game lasted 00:09:39 (2418 turns).

Hopman the Shield-Bearer (Deep Dwarf Fighter)       Turns: 2418, Time: 00:09:40

Health: -2/42      AC: 12    Str: 21    XL:     4   Next: 92%
Magic:  4/4        EV:  7    Int:  8    God:
Gold:   164        SH:  9    Dex: 12    Spells: 3/3 levels left

rFire    . . .     SeeInvis .   a - +0 war axe
rCold    . . .     Gourm    .   c - +0 kite shield
rNeg     . . .     Faith    .   b - +0 scale mail
rPois    .         Spirit   .   o - +0 helmet
rElec    .         Reflect  .   (no cloak)
rCorr    .         Harm     .   (no gloves)
MR       .....                  (no boots)
Stlth    ..........             s - amulet of the acrobat
HPRegen  0.00/turn              r - +4 ring of protection
MPRegen  0.09/turn              (no ring)

@: non-regenerating, hasted, very quick
A: damage resistance, heal wounds, sense surroundings 1, no regeneration
a: Heal Wounds


You were on level 4 of the Dungeon.
You were not hungry.

You visited 1 branch of the dungeon, and saw 4 of its levels.

You collected 164 gold pieces.

Inventory:

Hand Weapons
 a - a +0 war axe (weapon)
Armour
 b - a +0 scale mail (worn)
 c - a +0 kite shield (worn)
 j - a +0 helmet
 o - a +0 helmet (worn)
Jewellery
 e - an uncursed amulet of faith {unknown}
 r - a +4 ring of protection (left hand)
 s - an amulet of the acrobat (around neck)
Scrolls
 h - a scroll of random uselessness
 n - a scroll of identify
 t - a scroll of blinking {unknown}
 w - a scroll of fear {unknown}
Potions
 d - a potion of stabbing {unknown}
 g - a potion of invisibility {unknown}
 i - a potion of flight {unknown}
 k - 3 potions of curing {unknown}
 l - a potion of haste
 p - a potion of lignification {unknown}
 q - a potion of heal wounds {unknown}
 u - a potion of berserk rage {unknown}
Comestibles
 f - 5 rations


   Skills:
 + Level 3.0 Fighting
 + Level 3.7 Axes
 + Level 4.3 Armour
 - Level 0.2 Dodging
 + Level 4.3 Shields


You had 3 spell levels left.
You didn't know any spells.
Your spell library was empty.

Dungeon Overview and Level Annotations

Branches:
Dungeon (4/15)
 Temple: D:4-7

Altars:
Hepliaklqana
Sif Muna
Vehumet


Innate Abilities, Weirdness & Mutations

You are resistant to damage.
You can heal yourself by infusing magical energy.
You passively map a small area around you.
You do not regenerate.


Message History

Found an escape hatch in the ceiling.
An orc comes into view.
An ogre comes into view. It is wielding a +0 giant club.
The ogre shouts!
Found a ration.
Found a ration.
You block the ogre's attack.
You barely miss the ogre.
The ogre hits you with a +0 giant club!!
* * * LOW HITPOINT WARNING * * *
You feel much better. The ogre hits you with a +0 giant club!
You feel yourself speed up.
You hit the ogre but do no damage. You hit the orc.
The ogre hits you with a +0 giant club! The orc barely misses you.
You hit the ogre.
The ogre is lightly wounded.
You slash the orc!
You kill the orc!
The ogre hits you with a +0 giant club!!
You die...

# #.*
##.############
.......%......%...,
..................
,
..................,
...........O......
....o.. #.@.......
.......##[........
, ,
............######
* ......<.#####
*#######.# #.# *
*### #.# , ..# #.#
#####.# #.#


You could see an ogre.

Vanquished Creatures
  5 adders
  2 oozes
  3 dart slugs (D:1)
  2 leopard geckos
  An orc (D:4)
  2 ball pythons
  7 giant cockroaches
  3 goblins
  4 hobgoblins
  6 jackals
  10 kobolds
  3 quokkas
  6 bats
  4 frilled lizards
  8 rats
66 creatures vanquished.

Notes
Turn   | Place    | Note
-------+----------+-------------------------------------------
     0 | D:1      | Hopman the Deep Dwarf Fighter began the quest for the Orb.
     0 | D:1      | Reached XP level 1. HP: 20/20 MP: 1/1
   102 | D:1      | Reached XP level 2. HP: 27/27 MP: 2/2
   542 | D:1      | Reached XP level 3. HP: 29/33 MP: 3/3
   990 | D:2      | Reached XP level 4. HP: 21/40 MP: 4/4
  1112 | D:2      | Found a shimmering blue altar of Sif Muna.
  1112 | D:2      | Found a hazy altar of Hepliaklqana.
  1846 | D:3      | Found a radiant altar of Vehumet.
  2410 | D:4      | Noticed an ogre
  2418 | D:4      | Slain by an ogre

Illustrated notes

Levels and vault maps discovered:
D:1:      dpeg_arrival_refuge, layout_loops_ring, serial_glass, glass_columns_b,
          glass_columns_a
D:2:      layout_basic, gammafunk_temple_overflow_statue
D:3:      layout_loops_corners, lemuel_crystal_altar
D:4:      layout_basic, enter_ossuary_5, kennysheep_generic_room_10

Skill      XL: |  1  2  3  4 |
---------------+-------------+-----
Axes           | 3 |  3.7
Shields        | 4 |  4.3
Armour         | 4 |  4.3
Fighting       | 3 |  3.0
Dodging        | |  0.2

Action                   |  1- 3 |  4- 6 || total
-------------------------+-------+-------++-------
Melee: War axe           |   140 |   101 ||   241
 Abil: Heal Wounds       |       |     2 ||     2
  Use: Potion            |     1 |     1 ||     2
       Scroll            |       |     7 ||     7
  Eat: Chunk             |     1 |     4 ||     5
Armor: Scale mail        |    77 |    60 ||   137
Dodge: Dodged            |    47 |    27 ||    74
Block: Kite shield       |    92 |    57 ||   149
